 Dungeon Crawl Stone Soup version 0.16.2-2-g470672f (webtiles) character file.

371 kae the Conjurer (level 6, -10/32 HPs)
             Began as a Tengu Fire Elementalist on Aug 15, 2015.
             Was an Initiate of Vehumet.
             Killed from afar by Sigmund (11 damage)
             ... with a puff of flame
             ... on level 5 of the Dungeon.
             The game lasted 00:06:37 (3795 turns).

kae the Conjurer (Tengu Fire Elementalist)          Turns: 3795, Time: 00:06:37

Health: -10/32     AC:  8    Str:  9      XL:     6   Next: 70%
Magic:  10/15      EV: 12    Int: 17      God:    Vehumet [......]
Gold:   199        SH:  0    Dex: 12 (14) Spells: 3 memorised, 5 levels left

rFire  . . .     SeeInvis +     a - +3 short sword (protect)
rCold  . . .     Clarity  .     n - +1 robe
rNeg   . . .     SustAb   .     (no shield)
rPois  .         Gourm    .     (helmet restricted)
rElec  .         Spirit   .     (no cloak)
rCorr  .         Warding  .     (no gloves)
rMut   .         Stasis   .     (boots unavailable)
MR     +....                    w - amulet of rage
Stlth  ++........               u - ring of protection from magic
                                q - ring of see invisible

@: somewhat resistant to hostile enchantments, unstealthy
A: able to fly, beak, talons 3
a: Fly, Renounce Religion, Evoke Berserk Rage


You were on level 5 of the Dungeon.
You worshipped Vehumet.
Vehumet was noncommittal.
You were hungry.

You visited 2 branches of the dungeon, and saw 6 of its levels.

You collected 199 gold pieces.

Inventory:

Hand weapons
 a - a +3 short sword of protection (weapon)
 b - a +0 trident
 v - the +0 Staff of Olgreb {rPois}
   (You found it on level 5 of the Dungeon)

   It protects you from poison.
Armour
 n - a +1 robe (worn)
Jewellery
 q - a ring of see invisible (left hand)
 u - a ring of protection from magic (right hand)
 w - an amulet of rage (around neck)
Magical devices
 t - a wand of disintegration (15)
Scrolls
 d - 7 scrolls of identify
 f - a scroll of remove curse
 g - a scroll of random uselessness
 p - 2 scrolls of enchant armour
 r - a scroll of enchant weapon
Potions
 e - 2 potions of flight
 k - a potion of curing
 m - a potion of ambrosia
Books
 x - a book of Flames

   Spells                             Type                      Level
   a - Flame Tongue                   Conjuration/Fire             1
   b - Throw Flame                    Conjuration/Fire             2
   c - Conjure Flame                  Conjuration/Fire             3
   d - Inner Flame                    Hexes/Fire                   3
   e - Sticky Flame                   Conjuration/Fire             4
   f - Fireball                       Conjuration/Fire             5
Comestibles
 c - 4 bread rations
 h - a beef jerky
 j - a slice of pizza
 l - 4 meat rations
 z - 2 chunks of flesh


   Skills:
 - Level 2.1 Dodging
 - Level 2.0 Stealth
 + Level 3.4 Spellcasting
 * Level 5.5 Conjurations
 * Level 5.4 Fire Magic


You had 5 spell levels left.
You knew the following spells:

 Your Spells              Type           Power        Failure   Level  Hunger
a - Flame Tongue          Conj/Fire      ###..        1%          1    None
b - Throw Flame           Conj/Fire      ###...       2%          2    ##.....
c - Conjure Flame         Conj/Fire      ###.....     8%          3    ###....


Dungeon Overview and Level Annotations

Branches:
Dungeon (5/15)             Temple (1/1) D:5

Altars:
Ashenzari
Cheibriados
Dithmenos
Elyvilon
Fedhas
Gozag
Kikubaaqudgha
Makhleb
Nemelex Xobeh
Okawaru
Qazlal
Sif Muna
Trog
Vehumet
Xom
Yredelemnul
Zin
The Shining One

Annotations:
D:5 Sigmund


Innate Abilities, Weirdness & Mutations

You can fly.
You have a beak for a mouth.
You have claws for feet.


Message History

You feel better.
Drink which item? (? for menu, Esc to quit)
You feel better.
Sigmund zaps a wand.
The puff of frost hits you!
Sigmund zaps a wand.
The puff of frost misses you.
There is an open door here.
Sigmund zaps a wand.
The puff of frost hits you!
Sigmund points at you and mumbles some strange words.
You are confused.
Sigmund zaps a wand.
The puff of frost hits you!
You feel less confused.
Drink which item? (? for menu, Esc to quit)
Okay, then.
Sigmund zaps a wand.
The puff of frost hits you!
* * * LOW HITPOINT WARNING * * *
You open the door.
Sigmund zaps a wand.
The puff of frost misses you.
Sigmund screams, "You will never...
NEVER!!!"
There is an open door here.
Sigmund casts a spell at you. The puff of flame hits you!
You die...

#.##...#...+...<##.
#.######...#..........+ #.#
#...#..........# ###.###
##..##...##....# ###'###
###+##...##......
######⌠.⌠#####...............(.
.....#.>.'....................
.#####⌠.⌠#####.>.##...##....#
###'### #..@##...##....###+#
###.### ###'##.............. #.#
##..##.............. #.#
####....#..............
#.+##.......+..............
.######..##..##..##..............
.............##.@##..............
######.÷.....+...................
#.......#...................


You could see Sigmund.

Vanquished Creatures
  An ice beast (D:5)
  A hound (D:4)
  3 worker ants
  8 adders
  A giant mite (D:3)
  3 worms
  An adder zombie (D:5)
  2 adder skeletons (D:4)
  An ooze (D:3)
  5 orcs
  6 bats
  A bat skeleton (D:4)
  4 giant cockroaches
  9 hobgoblins
  4 giant geckos
  6 giant newts
  6 goblins
  6 kobolds
  2 quokka skeletons
  12 rats
82 creatures vanquished.

Notes
Turn   | Place    | Note
--------------------------------------------------------------
     0 | D:1      | kae, the Tengu Fire Elementalist, began the quest for the Orb.
     0 | D:1      | Reached XP level 1. HP: 10/10 MP: 3/3
   308 | D:1      | Reached XP level 2. HP: 4/15 MP: 0/5
  1150 | D:2      | Reached XP level 3. HP: 15/19 MP: 0/7
  1165 | D:2      | Learned a level 2 spell: Throw Flame
  1169 | D:2      | Learned a level 3 spell: Conjure Flame
  1316 | D:2      | Reached skill level 4 in Fire Magic
  1752 | D:3      | Reached XP level 4. HP: 21/24 MP: 6/9
  2496 | D:4      | Reached XP level 5. HP: 19/28 MP: 6/12
  3025 | D:4      | Reached XP level 6. HP: 32/32 MP: 3/15
  3181 | D:4      | Reached skill level 5 in Conjurations
  3189 | D:4      | Reached skill level 5 in Fire Magic
  3440 | D:5      | Entered Level 5 of the Dungeon
  3453 | D:5      | Noticed a water moccasin
  3547 | D:5      | Found a staircase to the Ecumenical Temple.
  3591 | Temple   | Entered the Ecumenical Temple
  3662 | Temple   | Became a worshipper of Vehumet
  3736 | D:5      | Noticed Sigmund
  3792 | D:5      | HP: 1/32 [Sigmund/wand of frost (10)]
  3795 | D:5      | Killed from afar by Sigmund

Action                   |  1- 3 |  4- 6 || total
-------------------------+-------+-------++-------
Melee: Short sword       |    25 |    21 ||    46
       Unarmed           |     1 |       ||     1
 Cast: Flame Tongue      |    41 |   109 ||   150
       Throw Flame       |       |     3 ||     3
  Use: Scroll            |       |     9 ||     9
       Potion            |       |     6 ||     6
 Stab: Sleeping          |     2 |       ||     2
  Eat: Chunk             |     2 |     7 ||     9
